AoeStats
← SC_Dead Rabbit "The original"

MegaRandom

509206058Analyzed
4v4 RM · 7d ago on Sep 25, 2026· 48m 35s· 8 players
Game mode
Random Map
Map size
Large (8 player)
Population
200
Speed
Normal
Resources
Standard
Victory
Conquest
Starting age
Dark Age
Ending age
Imperial Age
RankedLock teamsTeams togetherTeam positionsShared explorationLock speedFull tech treeHidden civsTurbo modeCheats
Victory
Defeat
🇩🇪 Varangians · Germany
1072
+16
🇷🇺 Celts · Russia
1032
+18
🇦🇷 Maya · Argentina
1021
+18
🇩🇪 Teutons · Germany
1012
+19
🇦🇷 Varangians · Argentina
1161
-22
🇨🇱 Huns · Chile
1079
-18
1021
-16
🇦🇷 Saracens · Argentina
1018
-23
bubububu34bu
0:42 Loom
27:21 Feudal Age
31:40 Castle Age
31:14 Double-Bit Axe
31:41 Scale Mail Armor
32:27 Forging
32:51 Pikeman
36:55 Town Watch
38:13 Wheelbarrow
39:19 Chain Mail Armor
39:23 Arson
41:17 Iron Casting
44:22 Hand Cart
50:05 Imperial Age
Nomad
10:08 Loom
12:30 Feudal Age
13:28 Horse Collar
14:24 Double-Bit Axe
17:58 Castle Age
19:24 Wheelbarrow
18:44 Gold Mining
18:58 Heavy Plow
19:13 Bow Saw
27:34 Stone Mining
28:52 Stone Shaft Mining
30:59 Hand Cart
31:45 Scale Barding Armor
31:50 Forging
35:51 Imperial Age
35:05 Forging
35:17 Chain Barding Armor
35:02 Husbandry
35:12 Bloodlines
35:18 Bloodlines
36:52 Iron Casting
36:09 Elite Jarl
37:10 Conscription
39:58 Blast Furnace
39:33 Plate Barding Armor
40:44 Plate Barding Armor
JBS
3:36 Loom
11:20 Feudal Age
16:14 Castle Age
17:00 Scale Mail Armor
16:50 Double-Bit Axe
16:47 Horse Collar
19:02 Forging
19:56 Bow Saw
24:55 Wheelbarrow
23:59 Eagle Warrior
26:36 Iron Casting
26:17 Chain Mail Armor
26:36 Heavy Plow
26:27 Arson
26:42 Squires
27:45 Crossbowman
28:27 Stone Mining
28:28 Gold Mining
28:54 Thumb Ring
28:54 Fletching
29:32 Padded Archer Armor
31:19 Bodkin Arrow
35:12 Hand Cart
34:43 Town Watch
36:19 Leather Archer Armor
36:12 Elite Skirmisher
37:53 Town Patrol
42:12 Ballistics
42:44 Masonry
46:46 Chain Mail Armor
FinnMaccool
0:43 Loom
13:19 Feudal Age
14:01 Man-at-Arms
14:28 Arson
14:51 Double-Bit Axe
14:51 Horse Collar
17:19 Forging
23:40 Castle Age
21:44 Scale Mail Armor
22:47 Gold Mining
23:48 Pikeman
25:44 Iron Casting
25:14 Heavy Plow
25:53 Gold Shaft Mining
26:34 Wheelbarrow
25:33 Long Swordsman
32:26 Bow Saw
37:58 Chain Mail Armor
37:54 Gambesons
41:20 Imperial Age
39:15 Ballistics
39:07 Masonry
39:50 Stronghold
41:31 Stone Mining
43:09 Siege Engineers
44:07 Halberdier
47:35 Two-Handed Swordsman
49:01 Conscription
SC_Dead Rabbit "The original"
2:19 Loom
31:45 Feudal Age
37:43 Castle Age
35:41 Stone Mining
35:45 Gold Mining
35:52 Horse Collar
36:01 Double-Bit Axe
41:08 Wheelbarrow
41:27 Fletching
Zayko
2:53 Loom
11:42 Feudal Age
15:07 Wheelbarrow
14:20 Town Watch
14:45 Double-Bit Axe
14:45 Horse Collar
19:13 Castle Age
18:05 Fletching
23:07 Bow Saw
24:38 Bodkin Arrow
31:12 Forging
38:49 Imperial Age
36:53 Gold Mining
36:55 Stone Mining
38:06 Hand Cart
38:56 Iron Casting
38:27 Scale Barding Armor
40:24 Conscription
40:28 Town Patrol
41:48 Ballistics
42:29 Chemistry
41:34 Bracer
41:35 Padded Archer Armor
43:05 Elite Skirmisher
44:29 Leather Archer Armor
43:59 Crossbowman
44:45 Thumb Ring
46:22 Imperial Skirmisher
Gergis Khan
7:42 Loom
11:35 Feudal Age
12:05 Double-Bit Axe
16:44 Castle Age
20:05 Bow Saw
23:38 Wheelbarrow
22:49 Town Watch
23:56 Horse Collar
27:40 Gold Mining
29:32 Heavy Plow
35:36 Imperial Age
35:14 Scale Mail Armor
37:13 Chain Mail Armor
37:09 Forging
36:49 Fletching
38:45 Two-Man Saw
38:14 Conscription
37:17 Gothikon
38:00 Elite Varangian Guard
38:25 Arson
38:40 Squires
39:56 Plate Mail Armor
40:03 Iron Casting
39:34 Scale Barding Armor
39:26 Pikeman
41:02 Crop Rotation
40:55 Hand Cart
42:32 Elite Skirmisher
42:43 Halberdier
44:39 Blast Furnace
44:54 Gambesons
45:03 Capped Ram
46:03 Imperial Skirmisher
47:52 Chemistry
47:15 Ballistics
46:51 Murder Holes
48:23 Bodkin Arrow
48:28 Padded Archer Armor
epic shit
3:11 Loom
3:21 Loom
9:59 Feudal Age
11:06 Town Watch
15:38 Castle Age
16:16 Wheelbarrow
30:20 Elite Skirmisher
42:31 Imperial Age
41:37 Fletching
43:45 Conscription
44:07 Cavalier
47:37 Hand Cart
Connection lost

Rejoining the realm…

Still unreachable

The connection could not be restored.

Session expired

The server has moved on; the page needs a fresh start.